 Dungeon Crawl Stone Soup version 0.27.1-34-g3ba077fa99 (webtiles) character file.

Game seed: 17871914649612398721

139 belegose the Digger (level 5, 0/28 HPs)
             Began as a Deep Elf Earth Elementalist on Jan 26, 2022.
             Was an Initiate of Vehumet.
             Succumbed to an adder's poison
             ... in a sewer.
             The game lasted 00:14:25 (2848 turns).

belegose the Digger (Deep Elf Earth Elementalist)   Turns: 2848, Time: 00:14:26

Health: 0/28       AC:  2    Str:  5 (6)  XL:     5   Next: 1%
Magic:  10/12      EV: 13    Int: 19 (20) God:    Vehumet [......]
Gold:   58         SH:  0    Dex: 13 (15) Spells: 7/11 levels left

rFire    . . .     SeeInvis .   l - +0 quarterstaff
rCold    . . .     Faith    .   (shield currently unavailable)
rNeg     . . .     Spirit   .   b - +0 robe
rPois    .         Reflect  .   (no helmet)
rElec    .         Harm     .   (no cloak)
rCorr    .         Rampage  .   (no gloves)
Will     .....                  (no boots)
Stlth    ++........             (no amulet)
HPRegen  0.09/turn              (no ring)
MPRegen  0.13/turn              (no ring)

@: mighty, lethally poisoned (0 -> -3), on berserk cooldown, slowed, very slow
A: no striking features
a: Renounce Religion


You were in a sewer.
You worshipped Vehumet.
Vehumet was noncommittal.
You visited 1 branch of the dungeon, and saw 3 of its levels.
You also visited: Sewer.

You collected 58 gold pieces.

Inventory:

Hand Weapons
 e - a +0 dagger
 i - a +0 short sword
 l - a +0 quarterstaff (weapon)
Missiles
 d - 53 bolts
 n - 2 throwing nets
 o - 6 poisoned darts
Armour
 b - a +0 robe (worn)
Magical Staves
 q - a staff of poison
Jewellery
 r - an amulet of faith
Scrolls
 g - a scroll of blinking {unknown}
 h - a scroll of enchant armour {unknown}
 k - a scroll of enchant weapon {unknown}
 s - a scroll of identify {unknown}
Potions
 m - a potion of magic {unknown}
 p - a potion of haste {unknown}


   Skills:
 - Level 0.3 Fighting
 - Level 0.1 Short Blades
 - Level 3.1 Dodging
 - Level 3.3 Stealth
 - Level 3.6 Spellcasting
 + Level 1.3 Conjurations
 - Level 1.1 Transmutations
 + Level 1.1 Air Magic
 - Level 4.3 Earth Magic
 + Level 1.3 Poison Magic


You had 7 spell levels left.
You knew the following spells:

 Your Spells              Type           Power      Damage    Failure   Level
a - Sandblast             Erth           38%        2d10      2%          1
b - Mephitic Cloud        Conj/Pois/Air  8%         N/A       26%         3

Your spell library contained the following spells:

 Spells                   Type           Power      Damage    Failure   Level
 Passwall                 Tmut/Erth      10%        N/A       7%          2
 Magic Dart               Conj           32%        1d4       9%          1
 Stone Arrow              Conj/Erth      28%        3d8       14%         3
 Ignite Poison            Fire/Tmut/Pois 6%         N/A       30%         3
 Petrify                  Tmut/Erth      13%        N/A       43%         4
 Bolt of Magma            Conj/Fire/Erth 5%         4d5       88%         5


Dungeon Overview and Level Annotations

Branches:
Dungeon (3/15)              Sewer (1/1)

Altars:
Kikubaaqudgha
Sif Muna
Vehumet


Message History

You are poisoned.
The adder poisons you! The adder bites you but does no damage.
You barely miss the adder.
You feel sick. The adder bites you. The adder completely misses you.
It was a potion of degeneration.
There was something very wrong with that liquid.
You feel weakened.
You feel dopey.
You feel clumsy.
You feel sick. The adder bites you.
* * * LOW HITPOINT WARNING * * *
It was a potion of berserk rage.
A red film seems to cover your vision as you go berserk!
You feel yourself moving faster!
You feel mighty!
You feel sick. The adder bites you.
* * * LOW HITPOINT WARNING * * *
You are lethally poisoned!
The adder poisons you!
You miss the adder.
* * * LOW HITPOINT WARNING * * *
You feel sick. The adder closely misses you.
You sock the adder!
You kill the adder!
Vehumet accepts your kill.
* * * LOW HITPOINT WARNING * * *
You feel sick.
You have reached level 5!
* * * LOW HITPOINT WARNING * * *
You feel sick.
You feel a strong urge to attack something.
* * * LOW HITPOINT WARNING * * *
You feel sick.
* * * LOW HITPOINT WARNING * * *
You feel sick.
You feel your anger nearly subside.
You are no longer berserk.
You are exhausted.
You feel yourself slow down.
* * * LOW HITPOINT WARNING * * *
You feel sick.
It was a potion of might.
You feel very mighty all of a sudden.
You die...

≈≈≈≈≈≈≈≈≈≈≈≈≈≈≈≈
≈≈≈≈≈≈≈≈≈≈≈≈≈≈≈≈
≈≈≈≈≈≈≈≈≈≈≈≈≈≈≈≈
≈≈≈≈≈≈≈≈≈≈≈≈≈≈≈≈
≈≈≈≈≈≈≈≈≈≈≈≈≈≈≈
#.≈≈≈≈≈≈≈≈≈≈
#†≈≈≈≈# #@∩∩#
###.# ##


There were no monsters in sight!

Vanquished Creatures
  Natasha (D:3)
  4 adders
  A river rat (D:3)
  2 worms (D:3)
  A dart slug (D:2)
  3 ball pythons
  5 bats
  2 endoplasms
  2 giant cockroaches
  7 goblins
  4 hobgoblins
  6 jackals (D:1)
  8 kobolds
  A quokka (D:1)
  4 frilled lizards
  10 rats
61 creatures vanquished.

Vanquished Creatures (others)
  3 plants (D:1)
3 creatures vanquished.

Grand Total: 64 creatures vanquished

Notes
Turn   | Place    | Note
-------+----------+-------------------------------------------
     0 | D:1      | belegose the Deep Elf Earth Elementalist began the quest
                  | for the Orb.
     0 | D:1      | Reached XP level 1. HP: 10/10 MP: 6/6
   157 | D:1      | Found a faded altar of an unknown god.
   307 | D:1      | Reached XP level 2. HP: 7/15 MP: 6/8
   750 | D:1      | Reached skill level 4 in Earth Magic
  1340 | D:2      | Reached XP level 3. HP: 20/20 MP: 6/9
  1697 | D:2      | Learned a level 3 spell: Mephitic Cloud
  2346 | D:3      | Reached XP level 4. HP: 22/24 MP: 8/11
  2597 | D:3      | Found an ancient bone altar of Kikubaaqudgha.
  2598 | D:3      | Found a shimmering blue altar of Sif Muna.
  2600 | D:3      | Found a radiant altar of Vehumet.
  2605 | D:3      | Got Vehumet's Almanac of Battle Magic
  2607 | D:3      | Became a worshipper of Vehumet
  2683 | D:3      | Noticed Natasha
  2800 | D:3      | Killed Natasha
  2801 | D:3      | Reached skill level 1 in Conjurations
  2801 | D:3      | Reached skill level 1 in Air Magic
  2801 | D:3      | Reached skill level 1 in Poison Magic
  2813 | D:3      | Found a glowing drain.
  2821 | Sewer    | Entered a sewer
  2844 | Sewer    | Reached XP level 5. HP: 6/28 MP: 9/12
  2847 | Sewer    | HP: 1/28 [poisoned by an adder]
  2848 | Sewer    | Succumbed to an adder's poison

Illustrated notes

Levels and vault maps discovered:
D:1:      dpeg_arrival_radiant, layout_rooms,
          hellmonk_ecumenical_altar_pennies_from_heaven, serial_forest,
          infiniplex_forest_end_1, infiniplex_forest_clump_large,
          infiniplex_forest_3_way, infiniplex_forest_zigzag_1,
          infiniplex_forest_lined_ring, infiniplex_forest_straight_2,
          infiniplex_forest_3_way, infiniplex_forest_clump_small,
          infiniplex_forest_lined_4_way, serial_bayou_pond_e
D:2:      layout_loops_cross, minmay_fountain_box
D:3:      layout_loops_cross, grunt_temple_overflow_magic_moments,
          portal_sewer_entry_b, uniq_natasha
Sewer:    sewer_co_purgy_island

Skill      XL: |  1  2  3  4 |
---------------+-------------+-----
Earth Magic    | 4 |  4.3
Stealth        | 3 |  3.3
Dodging        | 3 |  3.1
Conjurations   | 1 |  1.3
Air Magic      | 1 |  1.1
Poison Magic   | 1 |  1.3
Fighting       | |  0.3
Short Blades   | |  0.1
Spellcasting   | |  3.6
Transmutations | |  1.1

Action                   |  1- 3 |  4- 6 || total
-------------------------+-------+-------++-------
Melee: Dagger            |    63 |       ||    63
       Quarterstaff      |    15 |    31 ||    46
 Cast: Sandblast         |    43 |    12 ||    55
  Use: Potion            |       |     3 ||     3
 Stab: Distracted        |     1 |       ||     1
       Sleeping          |     4 |     3 ||     7
Armor: Robe              |    19 |     2 ||    21
Dodge: Dodged            |    59 |    24 ||    83
